 Dungeon Crawl Stone Soup version 0.26.1-2-gb8aa6d0 (webtiles) character file.

Game seed: 14848178836455460284

4574 Zock the Spear-Bearer (level 10, -2/84 HPs)
             Began as a Hill Orc Fighter on July 15, 2021.
             Was an Initiate of Gozag.
             Slain by a troll (16 damage)
             ... on level 8 of the Dungeon.
             The game lasted 00:20:44 (10867 turns).

Zock the Spear-Bearer (Hill Orc Fighter)           Turns: 10867, Time: 00:20:45

Health: -2/84      AC:  9    Str: 29    XL:     10   Next: 41%
Magic:  10/10      EV: 11    Int:  8    God:    Gozag
Gold:   455        SH:  5    Dex: 10    Spells: 9/9 levels left

rFire    + . .     SeeInvis .   I - +0 trident (venom)
rCold    x . .     Faith    .   K - +0 buckler
rNeg     . . .     Spirit   .   b - +0 scale mail
rPois    .         Reflect  .   v - +0 helmet
rElec    .         Harm     .   (no cloak)
rCorr    .         Rampage  .   (no gloves)
Will     .....                  (no boots)
Stlth    +.........             J - amulet of the acrobat
HPRegen  0.24/turn              S - ring of fire
MPRegen  0.12/turn              s - +6 ring of strength

@: no status effects
A: no striking features
a: Renounce Religion, Potion Petition, Call Merchant, Bribe Branch


You were on level 8 of the Dungeon.
You worshipped Gozag.
Gozag was aware of your devotion.
You visited 2 branches of the dungeon, and saw 10 of its levels.

You collected 654 gold pieces.
You spent 121 gold pieces at shops.
You paid 78 gold pieces to Gozag.

Inventory:

Hand Weapons
 a - a +0 war axe
 m - a +0 scimitar of flaming
 I - a +0 trident of venom (weapon)
 M - a +0 long sword of draining
Missiles
 e - 69 sling bullets
 l - a throwing net
 u - 51 poisoned darts (quivered)
 x - 135 stones
 C - 2 datura-tipped darts
 N - 4 boomerangs
 P - 79 bolts
Armour
 b - a +0 scale mail (worn)
 c - a +0 kite shield
 v - a +0 helmet (worn)
 K - a +0 buckler (worn)
Jewellery
 n - a +6 ring of intelligence
 s - a +6 ring of strength (right hand)
 H - an uncursed amulet of magic regeneration
 J - an amulet of the acrobat (around neck)
 S - a ring of fire (left hand)
Wands
 F - a wand of acid (2)
 Q - a wand of flame (17)
 T - a wand of polymorph (12)
Scrolls
 f - 2 scrolls of random uselessness {unknown}
 g - 2 scrolls of noise {unknown}
 h - 2 scrolls of remove curse
 j - 2 scrolls of fear {unknown}
 k - 5 scrolls of magic mapping
 o - 4 scrolls of teleportation
 y - 4 scrolls of blinking
 z - 2 scrolls of amnesia {unknown}
 A - 2 scrolls of enchant weapon {unknown}
 B - 3 scrolls of enchant armour
 O - 2 scrolls of fog {unknown}
 R - 3 scrolls of immolation
Potions
 d - 3 potions of might
 i - 2 potions of haste
 p - 2 potions of invisibility {unknown}
 q - 3 potions of heal wounds
 r - 2 potions of berserk rage {unknown}
 t - 4 potions of curing
 w - a potion of cancellation {unknown}
 D - 2 potions of flight
 E - 3 potions of brilliance
 G - 2 potions of attraction
 L - a potion of mutation {unknown}


   Skills:
 + Level 6.3 Fighting
 * Level 1.8 Long Blades
 + Level 6.2(9.5) Axes
 * Level 9.3(9.9) Polearms
 * Level 4.2 Throwing
 + Level 7.2 Armour
 + Level 2.2 Dodging
 * Level 3.9 Stealth
 + Level 5.8 Shields


You had 9 spell levels left.
You didn't know any spells.
Your spell library was empty.

Dungeon Overview and Level Annotations

Branches:
Dungeon (9/15)             Temple (1/1) D:5            Lair (0/6) D:8
    Orc: D:9-12

Altars:
Ashenzari
Fedhas
Gozag
Kikubaaqudgha
Nemelex Xobeh
Okawaru
Ru
Sif Muna
Vehumet
Yredelemnul
The Shining One

Shops:
D:5 !

Annotations:
D:3 3 runed translucent doors, SuisLittleHoshiymin's ghost, amateur HuBr
D:5 Menkaure
D:6 3 runed translucent doors, Zock's ghost, novice HOFi


Message History

You barely miss the troll.
The troll is moderately wounded.
The troll closely misses you. x2; The troll barely misses you.
You hit the troll.
The troll is moderately wounded.
You block the troll's attack. The troll barely misses you.
The troll completely misses you.
You hit the troll but do no damage.
The troll looks even sicker.
The troll is moderately wounded.
You barely miss the troll.
The troll is moderately wounded.
The troll bites you!
* * * LOW HITPOINT WARNING * * *
The troll claws you but does no damage. The troll claws you.
* * * LOW HITPOINT WARNING * * *
You hit the troll but do no damage.
The troll looks as sick as possible!
The troll is moderately wounded.
The troll bites you!
You die...
Your body crumbles into a pile of gold.

##....## ############
.###...##### #....(.....#
(.##.#.....## #..........#
...#.#####..########..........#
.....### ##...................#
.......## ##########).........#
...P....## ###..........#
......#..#########............#
..............KT@..#........[.#
.......######.######..........#
.........####.# #..........#
.P...K##...##.## ############
..P....K.......####
.....#............##
.^####...>.....##..##### ###
#.........###.....### #
##...###### #####...#####


You could see a troll (extremely poisoned) and a kobold.

Vanquished Creatures
  Erica (D:8)
  2 two-headed ogres (D:7)
  A yak (D:8)
  A steam dragon (D:8)
  A water moccasin (D:8)
  An orc warrior (D:5)
  3 black bears (D:8)
  A necrophage (D:9)
  2 ogres (D:8)
  3 centaurs
  A big kobold (D:8)
  Blork the orc (D:4)
  4 bullfrogs
  2 scorpions
  3 hounds
  2 orc priests
  A quasit (D:6)
  4 bullfrog skeletons
  A centaur skeleton (D:7)
  2 orc wizards
  2 iguanas
  10 worker ants
  2 hound skeletons
  A howler monkey zombie (D:6)
  Robin (D:2)
  7 adders
  An ufetubus (D:5)
  An ooze (D:7)
  An adder zombie (D:8)
  An adder skeleton (D:4)
  3 dart slugs (D:1)
  5 leopard geckos
  20 orcs
  6 giant cockroaches
  8 goblins
  11 hobgoblins
  12 jackals
  7 kobolds
  8 bats
  4 frilled lizards
  A jackal skeleton (D:4)
  A leopard gecko zombie (D:4)
  A quokka skeleton (D:4)
  9 rats
160 creatures vanquished.

Vanquished Creatures (others)
  53 fungi (D:8)
  58 plants (D:8)
111 creatures vanquished.

Grand Total: 271 creatures vanquished

Notes
Turn   | Place    | Note
-------+----------+-------------------------------------------
     0 | D:1      | Zock the Hill Orc Fighter began the quest for the Orb.
     0 | D:1      | Reached XP level 1. HP: 19/19 MP: 1/1
   156 | D:1      | Reached XP level 2. HP: 27/27 MP: 2/2
   328 | D:1      | Reached XP level 3. HP: 30/33 MP: 3/3
  1242 | D:2      | Reached XP level 4. HP: 35/40 MP: 4/4
  1315 | D:2      | Noticed Robin
  1332 | D:2      | Killed Robin
  1728 | D:2      | Found a sacrificial altar of Ru.
  1914 | D:2      | Found a faded altar of an unknown god.
  2512 | D:3      | Found a runed translucent gate.
  2512 | D:3      | Found a runed translucent gate.
  2512 | D:3      | Found a runed translucent gate.
  2513 | D:3      | Identified the +0 short sword of the Silent Majority
                  | {venom, rPois rC- Int+4 Stlth+}
  2514 | D:3      | Noticed SuisLittleHoshiymin's ghost (amateur HuBr)
  2516 | D:3      | Noticed a big kobold
  2527 | D:3      | Reached XP level 5. HP: 34/47 MP: 5/5
  3153 | D:3      | You fall into a shaft and drop 2 floors!
  3153 | D:5      | Entered Level 5 of the Dungeon
  3224 | D:5      | Found Egiwaoru's Distillery.
  3285 | D:5      | Bought a potion of flight for 33 gold pieces
  3285 | D:5      | Bought a potion of brilliance for 44 gold pieces
  3285 | D:5      | Bought a potion of degeneration for 11 gold pieces
  3285 | D:5      | Bought a potion of attraction for 33 gold pieces
  3446 | D:5      | Noticed Menkaure
  3625 | D:4      | Noticed Blork the orc
  3643 | D:4      | Killed Blork the orc
  3644 | D:4      | Reached skill level 5 in Axes
  3644 | D:4      | Reached XP level 6. HP: 18/53 MP: 6/6
  4112 | D:4      | Reached skill level 5 in Fighting
  4198 | D:4      | Found a sparkling altar of Nemelex Xobeh.
  4308 | D:4      | Reached skill level 1 in Polearms
  4492 | D:4      | Reached XP level 7. HP: 61/61 MP: 7/7
  4506 | D:4      | Reached skill level 2 in Polearms
  5063 | D:5      | Reached skill level 3 in Polearms
  5063 | D:5      | Reached skill level 5 in Shields
  5127 | D:3      | You fall into a shaft and drop 3 floors!
  5175 | D:6      | Found a runed translucent gate.
  5175 | D:6      | Found a runed translucent gate.
  5175 | D:6      | Found a runed translucent gate.
  5177 | D:6      | Noticed a kobold demonologist
  5178 | D:6      | Identified the +7 whip "Miduinea" {drain, rF+ rN+ Stlth-}
  5178 | D:6      | Noticed Zock's ghost (novice HOFi)
  5221 | D:6      | Reached skill level 1 in Dodging
  5998 | D:5      | Reached skill level 4 in Polearms
  6145 | D:5      | Found a staircase to the Ecumenical Temple.
  6269 | Temple   | Entered the Ecumenical Temple
  6301 | Temple   | Became a worshipper of Gozag Ym Sagoz the Greedy
  6413 | D:5      | Reached skill level 1 in Stealth
  6413 | D:5      | Reached XP level 8. HP: 17/68 MP: 8/8
  7231 | D:6      | Reached skill level 1 in Throwing
  7556 | D:7      | Reached skill level 5 in Polearms
  7735 | D:7      | Reached skill level 5 in Armour
  8279 | D:8      | Reached skill level 6 in Polearms
  8308 | D:8      | Noticed a two-headed ogre
  8309 | D:8      | Reached XP level 9. HP: 59/74 MP: 9/9
  8318 | D:8      | Reached skill level 7 in Polearms
  8318 | D:8      | Noticed Erica
  8844 | D:7      | HP: 3/75 [bullfrog (4)]
  9321 | D:7      | Killed a two-headed ogre
  9497 | D:8      | Reached skill level 8 in Polearms
  9641 | D:8      | HP: 5/112 [Erica/bolt of poison (8)]
  9642 | D:8      | Killed Erica
  9643 | D:8      | Reached XP level 10. HP: 6/83 MP: 10/10
  9647 | D:8      | HP: 5/124 [poisoned by Erica (bolt of poison)]
  9656 | D:8      | HP: 5/124 [poisoned by Erica (bolt of poison)]
  9663 | D:8      | HP: 3/83 [poisoned by Erica (bolt of poison)]
  9668 | D:8      | HP: 3/83 [poisoned by Erica (bolt of poison)]
 10060 | D:8      | Found a staircase to the Lair.
 10070 | D:8      | Noticed a two-headed ogre
 10142 | D:7      | Killed a two-headed ogre
 10143 | D:7      | Reached skill level 1 in Long Blades
 10143 | D:7      | Reached skill level 9 in Polearms
 10867 | D:8      | Slain by a troll

Illustrated notes

Levels and vault maps discovered:
D:1:      psy_arrival_radial02, layout_basic
D:2:      layout_basic, chequers_ecumenical_altar_island,
          nicolae_ru_path_of_blood, uniq_robin
D:3:      layout_loops_corners, gammafunk_ghost_nasty_kobolds
D:4:      layout_loops_ring, gup_sewer_entry_bowl, nemelex_lonely_heart_becter,
          uniq_blork_the_orc
D:5:      layout_basic, temple_green, serial_shops, shop, uniq_menkaure
D:6:      layout_basic, gammafunk_ghost_nasty_kobolds
D:7:      layout_rooms
D:8:      layout_rooms, due_lair_maze_entry_diamond, uniq_erica
D:9:      layout_cave_pools, elyvilon_altar_3, serial_shops, shop, shop_statue,
          shop, shop_fountains, shop, uniq_maggie, uniq_grum
Temple:   regret_index_temple_sigil_plot

Skill      XL: |  1  2  3  4  5  6  7  8  9 10 |
---------------+-------------------------------+-----
Axes           | 3 4 5 6 |  6.2
Fighting       | 4 5 6 |  6.3
Shields        | 4 5 |  5.8
Armour         | 4 5 6 7 |  7.2
Polearms       | 1 4 6 8 9 |  9.3
Dodging        | 1 2 |  2.2
Stealth        | 1 3 |  3.9
Throwing       | 2 3 4 |  4.2
Long Blades    | 1 |  1.8

Action                   |  1- 3 |  4- 6 |  7- 9 | 10-12 || total
-------------------------+-------+-------+-------+-------++-------
Melee: War axe           |   111 |   134 |       |       ||   245
       Trident           |       |    53 |   248 |    64 ||   365
Throw: Throwing net      |       |       |     1 |       ||     1
       Dart              |       |       |       |     1 ||     1
Evoke: Wand              |       |     2 |       |       ||     2
  Use: Scroll            |       |     2 |       |     6 ||     8
       Potion            |       |     1 |     1 |     1 ||     3
 Stab: Distracted        |       |       |     3 |       ||     3
Armor: Scale mail        |    44 |    56 |    74 |    19 ||   193
       Skin              |       |     6 |     9 |       ||    15
Dodge: Dodged            |    41 |    64 |   121 |    52 ||   278
Block: Kite shield       |    68 |    76 |       |       ||   144
       Buckler           |       |     8 |    52 |    15 ||    75
